 Dungeon Crawl Stone Soup version 0.26-a0-844-g3dd439832f (webtiles) character file.

Game seed: 652988888128660551

110 dickylongcocking the Chopper (level 4, -3/40 HPs)
             Began as a Demigod Fighter on Nov 18, 2020.
             Slain by a gnoll sergeant
             ... wielding a +0 spear
              (4 damage)
             ... on level 3 of the Dungeon.
             The game lasted 00:01:16 (1899 turns).

dickylongcocking the Chopper (Demigod Fighter)      Turns: 1899, Time: 00:01:17

Health: -3/40      AC:  6    Str: 19 (21) XL:     4   Next: 35%
Magic:  6/6        EV:  7    Int:  9 (12) God:
Gold:   109        SH:  9    Dex: 14 (15) Spells: 3/3 levels left

rFire    . . .     SeeInvis .   a - +0 war axe
rCold    . . .     Faith    .   c - +0 kite shield
rNeg     . . .     Spirit   .   b - +0 scale mail
rPois    .         Reflect  .   (no helmet)
rElec    .         Harm     .   (no cloak)
rCorr    .         Rampage  .   (no gloves)
MR       .....                  (no boots)
Stlth    ..........             (no amulet)
HPRegen  0.13/turn              (no ring)
MPRegen  0.10/turn              (no ring)

@: attractive, hasted, very quick
A: deterioration 1, high mp 1, robust 1, screaming 1
a: no special abilities


You were on level 3 of the Dungeon.
You visited 1 branch of the dungeon, and saw 3 of its levels.

You collected 109 gold pieces.

Inventory:

Hand Weapons
 a - a +0 war axe (weapon)
 i - a +3 whip
Armour
 b - a +0 scale mail (worn)
 c - a +0 kite shield (worn)
Scrolls
 e - 3 scrolls of remove curse {unknown}
 f - a scroll of blinking {unknown}
 g - a scroll of amnesia {unknown}
 h - a scroll of enchant weapon {unknown}
 j - 2 scrolls of identify {unknown}
 k - a scroll of fog {unknown}
 l - a scroll of enchant armour {unknown}
 n - a scroll of fear {unknown}
 o - a scroll of magic mapping {unknown}
 s - a scroll of teleportation {unknown}
Potions
 d - a potion of might
 p - a potion of mutation


   Skills:
 - Level 2.6 Fighting
 * Level 3.4(3.7) Axes
 + Level 1.6(2.8) Maces & Flails
 - Level 2.6 Armour
 + Level 3.3 Shields


You had 3 spell levels left.
You didn't know any spells.
Your spell library was empty.

Dungeon Overview and Level Annotations

Branches:
Dungeon (3/15)

Annotations:
D:3 2 transporters, CzarTim's ghost, amateur DEVM


Innate Abilities, Weirdness & Mutations

You have an increased reservoir of magic. (+10% MP)
Your body sometimes deteriorates upon taking damage.
You are robust. (+10% HP)
You occasionally shout uncontrollably at your foes.


Message History

The gnoll is pulled toward you! x2
The quasit gives a chilling moan.
The gnoll sergeant is pulled toward you!
The gnoll is pulled toward you! x3; You block the gnoll sergeant's attack.
Unknown command.
The gnoll sergeant is pulled toward you!
The gnoll is pulled toward you! x2
The gnoll sergeant hits you but does no damage.
The gnoll sergeant is pulled toward you!
The gnoll is pulled toward you! x2
The gnoll sergeant is pulled toward you!
The gnoll is pulled toward you! The gnoll is pulled toward you!
You block the gnoll sergeant's attack. The gnoll barely misses you.
The gnoll sergeant is pulled toward you!
The gnoll is pulled toward you!
The gnoll sergeant is pulled toward you!
The gnoll is pulled toward you!
The gnoll sergeant hits you with a +0 spear.
You die...

.######.#.# #.#
### .######.#..
..# ###..
........########
####....
©.####.......#
#.......
#..##.####.#
###.##.#..
...#..# .
#......#..
#=..##.##.#
#.#......###
..#.....#.#
..........# #.
©..##..#@#
##.#.....## #..#
......#g#
...#......# ...
.#.55##g# ###
##.#.#.# ..
#..5W#g.#
#....#.# .. #©###
.#####.##
#..###)#
#..###©####g....#
#......#
#...........#####
#.######
#..##..###### #<#
#.## #.#


You could see a gnoll sergeant, 3 quasits and 2 gnolls.

Vanquished Creatures
  A gnoll (D:3)
  3 adders (D:2)
  2 oozes (D:2)
  2 worms (D:2)
  A dart slug (D:1)
  2 ball pythons
  3 bats
  2 giant cockroaches (D:1)
  7 goblins
  5 hobgoblins (D:2)
  10 jackals
  3 quokkas
  5 frilled lizards
  6 kobolds
  2 rats
54 creatures vanquished.

Notes
Turn   | Place    | Note
-------+----------+-------------------------------------------
     0 | D:1      | dickylongcocking the Demigod Fighter began the quest for
                  | the Orb.
     0 | D:1      | Reached XP level 1. HP: 18/18 MP: 3/3
   215 | D:1      | Reached XP level 2. HP: 25/25 MP: 4/4
   683 | D:2      | Reached skill level 1 in Maces & Flails
   723 | D:2      | Found a shimmering blue altar of Sif Muna.
   819 | D:2      | Reached XP level 3. HP: 26/30 MP: 5/5
  1335 | D:2      | Reached XP level 4. HP: 33/37 MP: 6/6
  1669 | D:2      | Found a shimmering altar of Xom.
  1849 | D:3      | Found a transporter.
  1857 | D:3      | Noticed CzarTim's ghost (amateur DEVM)
  1870 | D:3      | Found a transporter.
  1870 | D:3      | Noticed a gnoll sergeant
  1882 | D:3      | Gained mutation: Your body sometimes deteriorates upon
                  | taking damage. [potion of mutation]
  1882 | D:3      | Gained mutation: You occasionally shout uncontrollably at
                  | your foes. [potion of mutation]
  1882 | D:3      | Gained mutation: You are robust. (+10% HP) [potion of
                  | mutation]
  1891 | D:3      | HP: 1/40 [gnoll sergeant/+0 spear (6)]
  1899 | D:3      | Slain by a gnoll sergeant

Illustrated notes

Levels and vault maps discovered:
D:1:      dpeg_arrival_chambers_temple_mockup, layout_basic
D:2:      kennysheep_six_static_rooms, layout_basic, led_sif_pool, tgw_xom
D:3:      layout_loops_ring, chequers_temple_overflow_statue_of_worship,
          gammafunk_ghost_stat_death, minmay_gold_behind_fungi

Skill      XL: |  1  2  3 |
---------------+----------+-----
Axes           | 2 3 |  3.4
Maces & Flails | 1 |  1.6
Shields        | 3 |  3.3
Fighting       | |  2.6
Armour         | |  2.6

Action                   |  1- 3 |  4- 6 || total
-------------------------+-------+-------++-------
Melee: War axe           |   103 |    25 ||   128
  Use: Potion            |       |     4 ||     4
Armor: Scale mail        |    52 |    13 ||    65
Dodge: Dodged            |    44 |    10 ||    54
Block: Kite shield       |    65 |    16 ||    81

Table legend: (Time is in decaauts)
 A = Elapsed time spent in this place.
 B = Non-inter-level travel time spent in this place.
 C = Inter-level travel time spent in this place.
 D = Time resting spent in this place.
 E = Time spent auto-exploring this place.
 F = Levels seen in this place.
 G = Mean time per level.
                   A        B        C        D        E       F      G
               +--------+--------+--------+--------+--------+-----+--------+
         Total |   1956 |   1857 |     99 |      0 |   1506 |   3 |  652.0 |
       Dungeon |   1956 |   1857 |     99 |      0 |   1506 |   3 |  652.0 |
               +--------+--------+--------+--------+--------+-----+--------+

Top non-repeatable levels by time:
     D:2: 1169 daAuts
     D:1: 651 daAuts
     D:3: 135 daAuts
